 Dungeon Crawl Stone Soup version 0.30.1-9-gdf580d7c3d (webtiles) character file.

Game seed: 1434328858549910676

7868 boopmooplesden the Basher (level 11, -5/97 HPs)
             Began as a Minotaur Fighter on Oct 18, 2023.
             Was an Elder of Okawaru.
             Slain by a shadow (24 damage)
             ... on level 11 of the Dungeon.
             The game lasted 00:16:05 (8881 turns).

boopmooplesden the Basher (Minotaur Fighter)        Turns: 8881, Time: 00:16:06

Health: -5/97      AC:  7    Str: 28    XL:     11   Next: 2%
Magic:  10/10      EV: 14    Int:  7    God:    Okawaru [****..]
Gold:   64         SH:  0    Dex: 16    Spells: 10/10 levels left

rFire   . . .        k - +5 dire flail (holy)
rCold   . . .        (shield currently unavailable)
rNeg    . . .        D - +3 leather armour of the Komodo Dragon {Str+3 Int+2}
rPois   .            (helmet restricted)
rElec   .            (no cloak)
rCorr   .            (no gloves)
SInv    .            (no boots)
Will    .....        (no amulet)
Stlth   ++           h - +6 ring of dexterity
HPRegen 0.36/turn    (no ring)
MPRegen 0.12/turn

%: no passive effects
@: no status effects
A: horns 2, retaliatory headbutt
a: Renounce Religion, Heroism, Finesse


You were on level 11 of the Dungeon.
You worshipped Okawaru.
Okawaru was greatly pleased with you.
You visited 2 branches of the dungeon, and saw 12 of its levels.

You collected 340 gold pieces.
You spent 276 gold pieces at shops.

Inventory:

Hand Weapons
 a - a +0 war axe
 f - a +0 flail of distortion
 k - a +5 dire flail of holy wrath (weapon)
 s - a +0 spectral club
 y - the +3 rapier of Arrival {flame, rElec Str-2 Int+3}
   (You found it on level 6 of the Dungeon)

   Str:       It affects your strength (-2).
   Int:       It affects your intelligence (+3).
   rElec:     It insulates you from electricity.
Missiles
 o - 6 silver javelins (quivered)
Armour
 b - a +0 scale mail
 c - a +0 buckler
 v - a +1 chain mail
 D - the +3 leather armour of the Komodo Dragon (worn) {Str+3 Int+2}
   (You found it on level 10 of the Dungeon)

   Str:       It affects your strength (+3).
   Int:       It affects your intelligence (+2).
 F - a +0 plate armour
Jewellery
 g - a ring of magical power
 h - a +6 ring of dexterity (left hand)
 A - a ring of protection from fire
Wands
 e - a wand of polymorph (6)
 r - a wand of light (17)
 E - a wand of iceblast (6)
Scrolls
 i - 3 scrolls of amnesia
 j - a scroll of immolation
 x - 4 scrolls of teleportation
 G - 2 scrolls of enchant armour
 H - a scroll of blinking
Potions
 d - 2 potions of might
 l - 2 potions of curing
 m - 4 potions of haste
 n - 2 potions of ambrosia
 p - 3 potions of flight
 q - 5 potions of heal wounds
 t - a potion of attraction {unknown}
 u - 2 potions of degeneration {unknown}
 w - 2 potions of berserk rage
 z - a potion of resistance
 B - 2 potions of magic
 C - a potion of cancellation


   Skills:
 + Level 9.5 Fighting
 + Level 3.6(8.6) Axes
 + Level 12.1(12.3) Maces & Flails
 + Level 2.4 Throwing
 + Level 10.5 Armour
 + Level 5.2 Dodging
 + Level 2.4 Stealth
 + Level 6.0 Shields
 + Level 0.8 Unarmed Combat
 + Level 0.5 Invocations


You had 10 spell levels left.
You didn't know any spells.
Your spell library contained the following spells:

 Spells                   Type           Power      Damage    Failure   Level
 Foxfire                  Conj/Fire      0%         2x1d4     45%         1
 Freeze                   Ice            0%         1d3       45%         1
 Sting                    Tmut/Pois      0%         1d3       45%         1
 Lesser Beckoning         Tloc           0%         N/A       58%         2
 Poisonous Vapours        Pois/Air       0%         N/A       58%         2
 Sublimation of Blood     Necr           0%         N/A       58%         2
 Frozen Ramparts          Ice            0%         1d1       83%         3
 Gell's Gravitas          Tloc           0%         N/A       83%         3
 Hailstorm                Conj/Ice       0%         3d3       83%         3
 Teleport Other           Tloc           0%         N/A       83%         3
 Olgreb's Toxic Radiance  Pois           0%         N/A       99%         4
 Petrify                  Tmut/Erth      0%         N/A       99%         4
 Fireball                 Conj/Fire      0%         3d3       100%        5
 Irradiate                Conj/Tmut      0%         3d11      100%        5
 Plasma Beam              Fire/Air       0%         2x1d11    100%        6
 Starburst                Conj/Fire      0%         6d3       100%        6


Dungeon Overview and Level Annotations

Branches:
Dungeon (11/15)            Temple (1/1) D:5            Lair (0/5) D:10
    Orc (0/2) D:10

Altars:
Ashenzari
Cheibriados
Dithmenos
Elyvilon
Fedhas
Gozag
Hepliaklqana
Kikubaaqudgha
Makhleb
Nemelex Xobeh
Okawaru
Qazlal
Ru
Sif Muna
Trog
Uskayaw
Vehumet
Wu Jian
Xom
Yredelemnul
Zin
The Shining One

Shops:
D:10 [


Innate Abilities, Weirdness & Mutations

You have a pair of horns on your head.
You reflexively headbutt those who attack you in melee.


Message History

u - 2 green potions (gained 1)
Something hits you.
Deactivating autopickup; reactivate with Ctrl-A.
You miss something. Something hits you! Something hits you but does no damage.
Something hits you. Something hits you! Something hits you. Something hits you.
Something hits you. Something hits you but does no damage.
You hear the thunderous beating of a very distant drum.
Something hits you but does no damage. Something hits you.
Something barely misses you.
A shadow comes into view.
The shadow slips into darkness.
The shadow flickers and vanishes!
Something hits you. Something hits you.
You see here a potion of curing.
l - 2 potions of curing (gained 1)
Something hits you. x2
Found a box of beasts.
Something barely misses you.
Something hits you but does no damage. x2
Found a chain mail.
Something barely misses you. Something hits you but does no damage.
Something hits you.
The shadow strikes at you from the darkness!
Reactivating autopickup.
The shadow slips into darkness.
The shadow flickers and vanishes!
Deactivating autopickup; reactivate with Ctrl-A.
Something hits you.
* * * LOW HITPOINT WARNING * * *
You miss something. Something hits you.
* * * LOW HITPOINT WARNING * * *
Something hits you but does no damage.
You impale something!! Your headbutt misses something. Something hits you.
* * * LOW HITPOINT WARNING * * *
Something hits you but does no damage.
The shadow strikes at you from the darkness!
You die...

####.......... ...
#........ .#. ....
........#.. ....###
.........# .......#.
#....#..####.........
#.......#.......#....
#..............#....
#..@................
##..................
###................
#.................
#...........#.....
###........##.....
#....#...###..###
#}..........#..## #
#...............# #


There were no monsters in sight!

Vanquished Creatures
  A centaur warrior (D:9)
  Erica (D:9)
  2 cyclopes
  A gargoyle (D:10)
  Maggie (D:7)
  A kobold demonologist (D:11)
  A komodo dragon (D:10)
  2 trolls
  Grinder (D:6)
  A wraith (D:9)
  A shadow (D:10)
  A wyvern (D:9)
  A steam dragon (D:8)
  3 vampire mosquitoes (D:10)
  Menkaure (D:6)
  Edmund (D:6)
  An acid dragon (D:8)
  2 black bears
  2 orc warriors (D:7)
  A sky beast (D:7)
  An ogre (D:5)
  A centaur (D:9)
  A phantom (D:10)
  5 kobold brigands
  A gnoll sergeant (D:8)
  A scorpion (D:5)
  2 bullfrogs
  2 troll zombies (D:10)
  9 killer bees
  2 jellies (D:8)
  3 hounds
  6 orc priests
  7 iguanas
  Jessica (D:2)
  A sleepcap (D:6)
  Ijyb (D:4)
  11 orc wizards
  5 ogre zombies (D:10)
  6 adders
  4 gnolls (D:8)
  A worm (D:4)
  2 dart slugs (D:4)
  38 orcs
  5 endoplasms
  2 giant cockroaches
  10 goblins
  5 hobgoblins
  33 kobolds
  3 quokkas (D:3)
  8 ball pythons
  3 bats
  3 frilled lizards
  3 goblin skeletons (D:10)
  2 goblin zombies (D:10)
  A hobgoblin skeleton (D:10)
  2 hobgoblin zombies (D:10)
  3 orc skeletons (D:10)
  14 orc zombies (D:10)
  6 rats
240 creatures vanquished.

Notes
Turn   | Place    | Note
-------+----------+-------------------------------------------
     0 | D:1      | boopmooplesden the Minotaur Fighter began the quest for the
                  | Orb.
     0 | D:1      | Reached XP level 1. HP: 19/19 MP: 0/0
    54 | D:1      | You fall into a shaft and drop 1 floor!
   193 | D:2      | Reached XP level 2. HP: 27/27 MP: 1/1
   598 | D:2      | Noticed Jessica
   608 | D:2      | Killed Jessica
   609 | D:2      | Reached XP level 3. HP: 33/33 MP: 2/2
  1133 | D:3      | Reached XP level 4. HP: 35/41 MP: 3/3
  1493 | D:3      | Noticed a kobold brigand
  1505 | D:3      | Killed a kobold brigand
  1506 | D:3      | Reached skill level 1 in Maces & Flails
  1506 | D:3      | Reached skill level 1 in Dodging
  1506 | D:3      | Reached XP level 5. HP: 38/47 MP: 4/4
  2031 | D:4      | Reached skill level 5 in Armour
  2042 | D:4      | Noticed Ijyb
  2067 | D:4      | Killed Ijyb
  2068 | D:4      | Reached XP level 6. HP: 10/55 MP: 5/5
  2291 | D:4      | Reached skill level 5 in Fighting
  2291 | D:4      | Reached skill level 2 in Maces & Flails
  2291 | D:4      | Reached skill level 5 in Shields
  2695 | D:4      | Found an ornate altar of the Wu Jian Council.
  2874 | D:5      | Entered Level 5 of the Dungeon
  2915 | D:5      | HP: 2/56 [orc priest/divine providence (15)]
  2920 | D:5      | Reached XP level 7. HP: 28/61 MP: 6/6
  2941 | D:5      | Reached skill level 3 in Maces & Flails
  3171 | D:5      | Found a glowing golden altar of the Shining One.
  3205 | D:5      | Found a white marble altar of Elyvilon.
  3206 | D:5      | Found a sacrificial altar of Ru.
  3206 | D:5      | Found an iron altar of Okawaru.
  3210 | D:5      | Found a shadowy altar of Dithmenos.
  3212 | D:5      | Found an opulent altar of Gozag.
  3269 | D:5      | Reached skill level 1 in Throwing
  3355 | D:5      | Found a staircase to the Ecumenical Temple.
  3364 | Temple   | Entered the Ecumenical Temple
  3394 | D:5      | Became a worshipper of Warmaster Okawaru
  3520 | D:5      | Found a blossoming altar of Fedhas.
  3696 | D:5      | Found a shimmering altar of Xom.
  3741 | D:5      | Reached skill level 1 in Stealth
  4027 | D:6      | Noticed Edmund
  4034 | D:6      | Killed Edmund
  4035 | D:6      | Reached skill level 4 in Maces & Flails
  4035 | D:6      | Reached XP level 8. HP: 69/69 MP: 7/7
  4172 | D:6      | Noticed Grinder
  4183 | D:6      | Killed Grinder
  4208 | D:6      | Noticed Menkaure
  4212 | D:6      | Killed Menkaure
  4212 | D:6      | Reached * piety under Okawaru
  4213 | D:6      | Reached skill level 5 in Maces & Flails
  4500 | D:6      | Identified the +3 rapier of Arrival {flame, rElec Str-2
                  | Int+3}
  4941 | D:7      | Reached skill level 6 in Maces & Flails
  5219 | D:7      | Reached XP level 9. HP: 67/75 MP: 8/8
  5382 | D:7      | Identified the +7 sling "Guuqec" {flame, rC+ Stlth+}
  5400 | D:7      | Noticed Maggie
  5409 | D:7      | Killed Maggie
  5409 | D:7      | Reached ** piety under Okawaru
  5410 | D:7      | Reached skill level 7 in Maces & Flails
  5660 | D:7      | Found a bloodstained altar of Trog.
  6005 | D:8      | Reached skill level 8 in Maces & Flails
  6083 | D:8      | Found a broken altar of Ashenzari.
  6111 | D:8      | Found a stormy altar of Qazlal.
  6328 | D:8      | Found a snail-covered altar of Cheibriados.
  6648 | D:9      | Noticed Erica
  6667 | D:9      | Reached skill level 9 in Maces & Flails
  6679 | D:9      | Killed Erica
  6680 | D:9      | Reached XP level 10. HP: 18/88 MP: 7/9
  6681 | D:9      | Reached *** piety under Okawaru
  6995 | D:9      | Reached skill level 10 in Armour
  7083 | D:9      | Reached skill level 10 in Maces & Flails
  7289 | D:9      | Noticed a centaur warrior
  7299 | D:9      | Killed a centaur warrior
  7475 | D:9      | Found a shimmering blue altar of Sif Muna.
  7492 | D:10     | Entered Level 10 of the Dungeon
  7580 | D:10     | Identified the +3 leather armour of the Komodo Dragon
                  | {Str+3 Int+2}
  7722 | D:10     | Found a staircase to the Orcish Mines.
  7758 | D:10     | Noticed a cyclops
  7768 | D:10     | Killed a cyclops
  7768 | D:10     | Reached **** piety under Okawaru
  7769 | D:10     | Reached skill level 11 in Maces & Flails
  8121 | D:10     | Reached skill level 5 in Dodging
  8205 | D:10     | Found a staircase to the Lair.
  8218 | D:10     | Noticed a gargoyle
  8225 | D:10     | Killed a gargoyle
  8244 | D:10     | Found Quskeun's Armour Emporium.
  8248 | D:10     | Bought a +0 plate armour for 276 gold pieces
  8588 | D:11     | Received a gift from Okawaru
  8589 | D:11     | Reached skill level 12 in Maces & Flails
  8813 | D:11     | Noticed a cyclops
  8818 | D:11     | Killed a cyclops
  8819 | D:11     | Reached XP level 11. HP: 97/97 MP: 10/10
  8881 | D:11     | Slain by a shadow

Illustrated notes

Levels and vault maps discovered:
D:1:      elethiomel_arrival_quiet, layout_rooms, minmay_shallow_snake_nest
D:2:      layout_basic, uniq_jessica
D:3:      cheibrodos_thug_alley, layout_loops_ring, minmay_three_crescents
D:4:      kennysheep_the_goblin_king, layout_basic,
          nicolae_wu_jian_glorious_leap
D:5:      wander_river, layout_rooms, lemuel_crystal_altar, minitemple,
          nicolae_tso_carved_into_rock, overflow_temple_1_default,
          minmay_temple_entry_gardened_gates, kennysheep_path_1,
          dreamdust_princess_bridge
D:6:      layout_basic, uniq_grinder, uniq_menkaure, uniq_edmund
D:7:      layout_gridville, trog_book, uniq_maggie
D:8:      layout_rooms, nicolae_qazlal_style_of_elements, old_standard_altar,
          cheibriados_altar_1
D:9:      layout_cave_pools, led_sif_pool, uniq_erica
D:10:     layout_rooms, lair_entry_dummy, zombieorc2_lemuel, serial_shops,
          nicolae_shop_real_fake_doors
D:11:     layout_cave_pools, gauntlet_entry_generic
Temple:   hellmonk_temple_micro_hex

Skill      XL: |  1  2  3  4  5  6  7  8  9 10 |
---------------+-------------------------------+-----
Shields        | 4 5 6 |  6.0
Fighting       | 4 5 6 8 9 |  9.5
Armour         | 4 5 6 7 8 9 10 | 10.5
Axes           | 3 |  3.6
Maces & Flails | 1 2 4 6 9 12 | 12.1
Dodging        | 1 2 3 4 5 |  5.2
Throwing       | 1 2 |  2.4
Stealth        | 1 2 |  2.4
Unarmed Combat | |  0.8
Invocations    | |  0.5

Action                     |  1- 3 |  4- 6 |  7- 9 | 10-12 || total
---------------------------+-------+-------+-------+-------++-------
  Melee: War axe           |    21 |       |       |       ||    21
         Headbutt          |     9 |    28 |    36 |    28 ||   101
         Club              |    27 |   129 |    68 |       ||   224
         Unarmed           |       |     7 |       |       ||     7
         Dire flail        |       |       |   169 |   149 ||   318
  Throw: Javelin           |       |     2 |     2 |     5 ||     9
 Invoke: Heroism           |       |       |     2 |     2 ||     4
    Use: Scroll            |       |     8 |     6 |     7 ||    21
         Potion            |       |     5 |     2 |       ||     7
   Stab: Distracted        |       |     1 |     1 |       ||     2
         Sleeping          |       |       |       |     1 ||     1
 Armour: Scale mail        |    21 |    63 |    21 |       ||   105
         Skin              |       |     3 |       |       ||     3
         Chain mail        |       |       |   125 |    55 ||   180
         Leather armour    |       |       |       |    34 ||    34
  Dodge: Dodged            |    32 |    93 |   177 |    83 ||   385
  Block: Buckler           |    19 |    51 |    15 |       ||    85
